Cogmind - Beta 13 @@@ ROGUE MODE // 2024.06.07 @ 00:28:56 Player: wojo Result: Destroyed by as-85490 with Assembled Heavy Rifle Performance ------------- Evolutions (0) 0 Regions Visited (2) 400 Robots Destroyed (19) 95 Value Destroyed (257) 257 Prototype IDs (0) 0 Alien Tech Used (0) 0 Bonus (0) 0 TOTAL SCORE: 752 Bonus ------- None Cogmind --------- Core Integrity 0/250 Matter 151/300 Energy 87/100 System Corruption 12% Temperature Cool (64) Movement Flying (40) Location -10/Mines Parts ------- > --- POWER (1) -------- (None) > --- PROPULSION (2) --- Flight Unit > --- UTILITY (2) ------ (None) > --- WEAPON (2) ------- (None) > --- INVENTORY (5) ---- Datajack Peak State ------------ > --- POWER ------------ Light Ion Engine > --- PROPULSION ------- Flight Unit Flight Unit > --- UTILITY ---------- Structural Scanner Visual Processing Unit > --- WEAPON ----------- Improved Light Cannon Improved Light Cannon > --- INVENTORY -------- Flight Unit Flight Unit Beam Cannon Grenade Launcher Datajack [Rating: 10] Favorites ----------- Power Ion Engine Engine Ion Engine Propulsion Light Treads Treads Light Treads Flight Unit Flight Unit Utility Structural Scanner Device Structural Scanner Storage Large Storage Unit Processor Visual Processing Unit Hackware Hacking Suite Weapon Grenade Launcher Energy Gun EM Pulse Gun Energy Cannon Beam Cannon Ballistic Cannon Improved Light Cannon Launcher Grenade Launcher Special Melee Weapon Datajack Build | -11 -10 -10 ------- Run | Yrd Mat Min Slots Evolved . | . . . Power . | . . . Propulsion . | . . . Utility . | . . . Weapon . | . . . Parts Attached 29 | 7 18 4 Power 3 | 1 2 . Engine 3 | 1 2 . Core . | . . . Reactor . | . . . Propulsion 7 | 2 3 2 Treads 2 | 2 . . Leg . | . . . Wheel . | . . . Hover . | . . . Flight 5 | . 3 2 Utility 6 | 2 4 . Device 2 | 1 1 . Storage 2 | 1 1 . Processor 1 | . 1 . Hackware 1 | . 1 . Protection . | . . . Artifact . | . . . Weapon 13 | 2 9 2 Energy Gun 3 | 2 1 . Energy Cannon 2 | . 2 . Ballistic Gun . | . . . Ballistic Cannon 3 | . 2 1 Launcher 3 | . 2 1 Special Weapon . | . . . Impact Weapon . | . . . Slashing Weapon . | . . . Piercing Weapon . | . . . Special Melee Weapon 2 | . 2 . Unidentified Prototypes . | . . . Corrupted Parts 1 | 1 . . System Corruption 2 | 2 . . Parts Lost 6 | . . 6 Power . | . . . Propulsion 3 | . . 3 Utility 1 | . . 1 Weapon 2 | . . 2 Highest Loss Streak 6 | . . 6 To Critical Strikes . | . . . Average Slot Usage (%) 87 | . 90 42 Engine 12 | . 13 . Treads 16 | . 17 . Flight 10 | . 10 19 Device 13 | . 13 8 Storage 8 | . 8 . Processor 1 | . 1 . Hackware 2 | . 2 5 Energy Gun 2 | . 2 . Ballistic Cannon 4 | . 4 8 Launcher 8 | . 8 . Special Melee Weapon 4 | . 5 . Naked Turns . | . . . Heaviest Build 31 | 7 31 5 Greatest Support 40 | 40 40 8 Greatest Overweight (x) 2 | . 2 . Average Overweight (x) . | . . . Largest Inventory Capacity 15 | 8 15 5 Average Capacity 8 | 5 9 5 Most Carried 15 | 1 15 5 Average Carried 6 | . 8 2 Final Capacity 8 | 8 5 5 Final Carried 5 | 1 5 1 Class Distribution -------------------- 100% | Mutant Dominant Class ---------------- Mutant | -10/Materials Mutant | -10/Mines Resources | -11 -10 -10 ----------- Run | Yrd Mat Min Matter Collected 313 | 156 157 . Remotely . | . . . Salvage Created 412 | 167 213 32 Parts 43 | 15 28 . Haulers Intercepted 2 | . 2 . Recyclers Shooed 3 | 1 2 . Parts Field Recycled . | . . . Retrieved Matter . | . . . Parts Self-Destructed . | . . . Prevented . | . . . Kills | -11 -10 -10 ------- Run | Yrd Mat Min Combat Hostiles Destroyed 14 | . 9 5 Cannons 2 | . . 2 AOE 12 | . 9 3 Classes Destroyed 8 | 2 5 1 Tunneler 3 | 3 . . Hauler 2 | . 2 . Recycler 1 | 1 . . Operator 2 | . 2 . Watcher 2 | . 2 . Swarmer 6 | . 6 . Grunt 3 | . 3 . Assembled 5 | . . 5 Best Kill Streak 5 | 3 5 5 Combat Bots Only 5 | . 4 5 Max Kills in Single Turn 3 | 1 3 2 Gunslinging . | . . . Exploded 3 | . 3 2 Melee . | . . . Uniques/NPCs Destroyed . | . . . Combat | -11 -10 -10 -------- Run | Yrd Mat Min Hostile Shots Fired 64 | . 16 48 Missed 26 | . 9 17 Damage Taken 694 | . 209 485 Core 264 | . 41 223 Absorbed by Shields . | . . . Core Remaining (%) 100 | 100 . . Volleys Fired 36 | 7 21 8 Largest 2 | 2 2 1 Hottest 80 | 80 80 39 Shots Fired 45 | 14 23 8 Gun 16 | 14 2 . Cannon 17 | . 11 6 Launcher 12 | . 10 2 Special . | . . . Kinetic 14 | . 8 6 Thermal 5 | . 5 . Explosive 12 | . 10 2 Electromagnetic 14 | 14 . . Robot Hit Streak 12 | 6 12 4 Robot Miss Streak 4 | 1 4 2 Penetration Max . | . . . Secondary Targets . | . . . Shots Hit Robots 35 | 10 21 4 Core Hits 35 | 4 21 10 Critical Kills . | . . . Critical Parts Destroyed . | . . . Critical Strikes 1 | 1 . . Corrupt 1 | 1 . . Melee Attacks 7 | . 7 . Impact . | . . . Slashing . | . . . Piercing . | . . . Sneak Attacks 3 | . 3 . Combat Hostiles . | . . . Follow-up Attacks . | . . . Damage Inflicted 1216 | 151 770 295 Guns 176 | 151 25 . Cannons 176 | . 112 64 Explosions 864 | . 633 231 Melee . | . . . Ramming . | . . . Kinetic 123 | . 59 64 Thermal 78 | . 78 . Explosive 864 | . 633 231 Electromagnetic 151 | 151 . . Impact . | . . . Slashing . | . . . Piercing . | . . . Highest Corruption 12 | 2 2 12 Average Corruption 2 | 2 2 7 Corruption Purged . | . . . Corruption Blocked . | . . . Effects 15 | . 12 3 Message Errors 5 | . 5 . Matter Fused 5 | . 5 . Heat Flow Errors 2 | . 1 1 Energy Discharges 1 | . . 1 Parts Rejected 1 | . 1 . Misdirections 1 | . . 1 Overload Shots . | . . . Overflow Damage . | . . . Projectiles . | . . . Explosions . | . . . Melee . | . . . Knockbacks 1 | . . 1 Impact . | . . . Kinetic 1 | . . 1 Secondary . | . . . Self-Inflicted Damage 135 | . 87 48 Shots 5 | . 3 2 Rammed . | . . . Targets Rammed . | . . . Kicked . | . . . Crushed . | . . . Highest Temperature 353 | 54 190 353 Average Temperature 95 | 24 37 235 Received Heat Transfer 341 | . 21 320 Effects 2 | . . 2 Energy Bleed 1 | . . 1 Matter Decay 1 | . . 1 Siege Activations . | . . . Robots Corrupted . | . . . Combat Hostiles . | . . . Parts Fried 3 | . 3 . Impact Corruptions . | . . . Robots Melted . | . . . Combat Hostiles . | . . . Parts Melted . | . . . Heat Transferred 185 | . 185 . Parts Sabotaged . | . . . Parts Stolen . | . . . Parts Stripped . | . . . Power Chain Reactions . | . . . Alert | -11 -10 -10 ------- Run | Yrd Mat Min Peak Influence 239 | 20 239 90 Initial 80 | . 13 80 Average 84 | 8 104 57 Maximum Alert Level 1 | . 1 . Low Security (%) 86 | 100 81 100 Level 1 13 | . 18 . Level 2 . | . . . Level 3 . | . . . Level 4 . | . . . Level 5 . | . . . High Security . | . . . Max Security . | . . . Squads Dispatched 2 | . 2 . Investigation . | . . . Extermination . | . . . Reinforcement 2 | . 2 . Assault . | . . . Garrison . | . . . Intercept . | . . . Searches Triggered . | . . . Construction Impeded . | . . . Haulers Reinforced . | . . . Active Scanning Responses . | . . . Cargo Convoy Interrupts . | . . . Stealth | -11 -10 -10 --------- Run | Yrd Mat Min Distress Signals 1 | . 1 . Communications Jammed . | . . . Distress Signals . | . . . Times Spotted 37 | . 18 19 Peak Tracking Total 19 | . 7 19 Tactical Retreats 1 | . . 1 Traps | -11 -10 -10 ------- Run | Yrd Mat Min Traps Triggered 3 | . 3 . Indirectly . | . . . Trap Hack Attempts . | . . . Triggered . | . . . Disarmed . | . . . Reprogrammed . | . . . Reused . | . . . Traps Extracted . | . . . Installed . | . . . Triggered . | . . . Machines | -11 -10 -10 ---------- Run | Yrd Mat Min Machines Disabled . | . . . Max in Single Turn . | . . . Machines Repaired . | . . . Machines Dismantled . | . . . Machines Sabotaged . | . . . Overloaded Fab Kills . | . . . Hacking | -11 -10 -10 --------- Run | Yrd Mat Min Machines Accessed 5 | . 5 . Terminals 3 | . 3 . Fabricators . | . . . Repair Stations . | . . . Recycling Units 2 | . 2 . Scanalyzers . | . . . Garrison Access . | . . . Total Hacks 9 | . 9 . Successful 9 | . 9 . Failed . | . . . Catastrophic . | . . . Database Lockouts . | . . . Manual . | . . . Terminals 3 | . 3 . Fabricators . | . . . Repair Stations . | . . . Recycling Units 6 | . 6 . Scanalyzers . | . . . Garrison Access . | . . . Terminal Hacks 3 | . 3 . Locate Traps 1 | . 1 . Maintenance Status 1 | . 1 . Hauler Manifests 1 | . 1 . Fabricator Hacks . | . . . Repair Station Hacks . | . . . Recycling Unit Hacks 6 | . 6 . Process 1 | . 1 . Report Inventory 2 | . 2 . Retrieve Matter 1 | . 1 . Retrieve Components 2 | . 2 . Scanalyzer . | . . . Garrison Access Hacks . | . . . Unauthorized Hacks . | . . . Terminals . | . . . Fabricators . | . . . Repair Stations . | . . . Recycling Units . | . . . Scanalyzers . | . . . Garrison Access . | . . . Data Cores Recovered . | . . . Used . | . . . Hacking Detections 3 | . 3 . Full Trace Events . | . . . Feedback Events . | . . . Feedback Blocked . | . . . Robot Schematics Acquired . | . . . Robots Built . | . . . Authchips . | . . . Time . | . . . Total Robot Build Rating . | . . . Part Schematics Acquired . | . . . Parts Built . | . . . Authchips . | . . . Time . | . . . Total Part Build Rating . | . . . Parts Repaired . | . . . Time . | . . . Parts Recycled . | . . . Recycled Matter 227 | . 227 . Retrieved Matter 227 | . 227 . Retrieved Components 2 | . 2 . Parts Scanalyzed . | . . . Part Schematics Acquired . | . . . Parts Damaged . | . . . Bothacking | -11 -10 -10 ------------ Run | Yrd Mat Min Used RIF Installer . | . . . Robots Hacked 2 | . 2 . Non-combat 2 | . 2 . Combat . | . . . Robot Hacks Applied 4 | . 4 . parse_system 2 | . 2 . no_distress 1 | . 1 . check_alert 1 | . 1 . Relay Couplers Released . | . . . Fabnet Peak Effective % . | . . . Robots Rewired . | . . . Allies Hacked . | . . . Hacks Repelled . | . . . Allies | -11 -10 -10 -------- Run | Yrd Mat Min Total Allies . | . . . Largest Group . | . . . Highest-Rated Group . | . . . Highest-Rated Ally . | . . . Total Orders . | . . . Ally Attacks . | . . . Total Damage . | . . . Kills . | . . . Allies Corrupted . | . . . Allies Melted . | . . . Intel | -11 -10 -10 ------- Run | Yrd Mat Min Robot Analysis Total . | . . . Derelict Logs Recovered . | . . . Drone Launches . | . . . Drone Recoveries . | . . . Exploration | -11 -10 -10 ------------- Run | Yrd Mat Min Turns Passed 814 | 147 613 54 Spaces Moved 809 | 73 651 85 Core 2 | 1 1 . Treads 277 | 72 205 . Legs . | . . . Wheels . | . . . Hover . | . . . Flight 530 | . 445 85 Fastest Speed 37 | 50 37 37 Average Speed 80 | 158 76 38 Slowest Speed 200 | 160 200 40 Overloaded Moves . | . . . Propulsion Burnouts . | . . . Robots Hopped 8 | . 8 . Cave-ins Triggered . | . . . Exploration Rate (%) 43 | 4 93 33 Regions Visited 2 Branch Regions 1 Pre-discovered Areas 1 | . . 1 Known Exits Taken . | . . . Unknown Exits Taken 2 | 1 1 . Scrap Searched . | . . . Spaces Dug 10 | . . 10 Terrain Destroyed 71 | . 51 20 Melee . | . . . Projectile 2 | . 1 1 AOE 69 | . 50 19 Terrain Rammed . | . . . Walls Destroyed . | . . . Machines Disabled . | . . . Actions | -11 -10 -10 --------- Run | Yrd Mat Min Total 916 | 87 730 99 Wait 4 | . 4 . Move 791 | 72 634 85 Hop 8 | . 8 . Pick Up 21 | 1 20 . Fast Attach 16 | 7 9 . Attach 6 | . 2 4 Detach 3 | . 3 . Swap 7 | . 7 . Drop 17 | . 15 2 Fire 36 | 7 21 8 Melee 7 | . 7 . Ram . | . . . Kick . | . . . Crush . | . . . Escape Stasis . | . . . Rewire . | . . . Trap . | . . . Miscellaneous . | . . . Route ------- -11/Scrapyard -10/Materials (discovered 4 exits: [*Mat x2] / [*Min x2]) -10/Mines (discovered 1 exit: [*Mat]) History --------- Turn | Location | Event 26 | -11/Scrapyard | Discovered new exit (range 15) 148 | -11/Scrapyard | Entered Materials 220 | -10/Materials | Discovered new exit (range 12) 308 | -10/Materials | Build established: Mutant 399 | -10/Materials | Discovered new exit (range 11) 639 | -10/Materials | Discovered new exit (range 18) 686 | -10/Materials | Discovered new exit (range 16) 761 | -10/Materials | Entered Mines 761 | -10/Mines | Discovered new exit (range 8) 764 | -10/Mines | Learned location of Storage (-9) 768 | -10/Mines | Assembled infested the area 773 | -10/Mines | Assisted by a Guerilla fighting off Assembled 784 | -10/Mines | System corruption reached 10% 787 | -10/Mines | Core integrity fell below 50% 795 | -10/Mines | Core integrity fell below 20% 815 | -10/Mines | Destroyed by as-85490 with Assembled Heavy Rifle Last Messages --------------- 00783_ Hacking Suite destroyed. 00783_ System corrupted by crushing effect (+5). 00784_ as-92970 destroyed. 00784_ Grenade Launcher destroyed. 00785_ Flight Unit destroyed. 00787_ System corrupted: Heat flow error (+232). 00787_ as-49050 destroyed. 00788_ as-62683 destroyed. 00789_ Overheating: Energy bleed (-8). 00790_ as-02820 knocked back. 00794_ as-02820 destroyed. 00794_ U-05 Engineer system corrupted by crushing effect. 00795_ U-05 Engineer system terminally corrupted. 00796_ Dropped Structural Scanner. 00802_ Imp. Light Cannon destroyed. 00804_ Overheating: Matter decay (-22). 00810_ System corrupted: Energy discharge (-38). Map ----- +----------------------------------------------------+ | | | | | | | | | | | | | | | | | | | | | ?????????????????????????????????????????????????? | | ?????????????????????????????????????????????????? | | ?????????????????????????????????????????????????? | | ?????????????????????????????????????????????????? | | ?????????????????????????????????????????????????? | | ???????????????????????????????????? ????????????? | | ??????????????????????????????????? ???????????? | | ?????????????????????????????????? ???????????? | | ???????????????????????##????#### ??????????? | | ??????????????????????# ##??? ??????????? | | ????????????????????## #?? #??????????? | | ???????????????????## #??# #??????????? | | ???????????????????# #??? #??????????? | | ??????????###?????## #??? #??????????? | | ?????????## #???## #### #??????????? | | #????????# #### ##@ #?????????? | | #####????# ## #?????????? | | #######??## ##??????? #??????????? | | ###???# ### a a ##??????????????????????? | | ###??# ##?## ##??????????????????????? | | ###??## #????##aa ##??????????????????????? | | ##???##??##### ##??????????????????????? | | ##???????#### a ##??????????????????????? | | #?????#### a a ##??????????????????????? | | ######?#### ##??????????????????????? | | ######### ##??????????????????????? | | ### "#### % ## ##???????????????????????? | | ## !]% ######????????????????????????? | | #### % ##???????????????????????????? | | # ##### ##???????????????????????????? | | ## ###### # ##???????????????????????????? | | ### ####?#### ###???????????????????????????? | | #### ###??#### ####???????????????????????????? | | ?#### ##?????? ###????????????????????????????? | | ??#### ##?????? ##?????????????????????????????? | | ??#### ##?????? ##?????????????????????????????? | | ??## " ???? ?????????????????????????????? | | #### #"# ##??? ??????????????????????????????? | | #### %"# ##???? ?????????????????????????????? | | ##????? ?????????????????????????????? | +----------------------------------------------------+ Best States ------------- Heat Dissipation 25 Energy Generation 10 Energy Capacity 250 Matter Stores 232 Matter Capacity 300 Sight Range 18 Terrain Scan Range 16 Terrain Scan Density 10 Evasion (%) 62 Recoil Reduction 2 Offensive Hacking 10 Item Schematics ----------------- None Robot Schematics ------------------ None Fabricated ------------ Nothing Alien Tech Used ----------------- None Achievements -------------- None Challenges ------------ None Game ------ Seed MetafiberSwordMicrothruster Manual? 0 Play Time 00:19:47 Cumulative 28.4 hours Start 2024.06.05 @ 20:58:52 End 2024.06.07 @ 00:28:56 Sessions 2 Manual Loads 0 Difficulty Rogue Special Mode None Game No. 46 Rogue 46 Adventurer 0 Explorer 0 Win Type - Total 0 Types 0/0/0/0/0/0/0/0/0 Lore% 22 Gallery% 26 Achievement% 18 Wizard Run 0 Options --------- Layout 1 ASCII 0 Keyboard 0 Movement Arrows Keybinds 0 Fullscreen 1 Font 16/Terminus Map View 50x40 Zoom Use 0% Tactical HUD 1 Map Filters NONE Filters NONE Steam SD RUN: 727c03c8-65b7-45eb-85c9-49c3a5a85859